 Dungeon Crawl Stone Soup version 0.16.1-30-g34a7ffa (webtiles) character file.

382 hexophile the Firebug (level 6, -8/49 HPs)
             Began as a Naga Fire Elementalist on June 24, 2015.
             Killed by divine providence
             ... invoked by an orc priest
              (10 damage)
             ... on level 4 of the Dungeon.
             The game lasted 00:48:48 (4912 turns).

hexophile the Firebug (Naga Fire Elementalist)      Turns: 4912, Time: 00:48:48

Health: -8/49      AC:  7    Str: 11    XL:     6   Next: 76%
Magic:  4/10       EV: 10    Int: 17    God:
Gold:   153        SH:  0    Dex: 11    Spells: 3 memorised, 1 level left

rFire  . . .     SeeInvis +     a - +0 trident
rCold  . . .     Clarity  .     t - +2 animal skin
rNeg   . . .     SustAb   .     (no shield)
rPois  +         Gourm    .     u - +1 helmet
rElec  .         Spirit   .     (no cloak)
rCorr  .         Warding  .     (no gloves)
rMut   .         Stasis   .     (no barding)
MR     .....                    (no amulet)
Stlth  ++........               (no ring)
                                (no ring)

@: very slow, not resistant to hostile enchantments, unstealthy
A: spit poison, see invisible, deformed body, poison resistance, slowness 2, AC
+2
a: Spit Poison


You were on level 4 of the Dungeon.
You were hungry.

You visited 1 branch of the dungeon, and saw 5 of its levels.

You collected 153 gold pieces.

Inventory:

Hand weapons
 a - a +0 trident (weapon)
 q - a +1 blowgun
Missiles
 r - 4 poisoned needles
Armour
 t - a +2 animal skin (worn)
 u - a +1 helmet (worn)
Magical devices
 f - a wand of enslavement (11)
 k - a wand of confusion (5)
 n - a wand of enslavement (0)
Scrolls
 e - 2 scrolls of remove curse
 g - a scroll of identify
 i - 2 scrolls of magic mapping
 l - a scroll of enchant weapon
 o - a scroll of immolation
Books
 b - a book of Flames

   Spells                             Type                      Level
   a - Flame Tongue                   Conjuration/Fire             1
   b - Throw Flame                    Conjuration/Fire             2
   c - Conjure Flame                  Conjuration/Fire             3
   d - Inner Flame                    Hexes/Fire                   3
   e - Sticky Flame                   Conjuration/Fire             4
   f - Fireball                       Conjuration/Fire             5
Comestibles
 c - 2 bread rations
 d - 2 beef jerkies
 h - 5 fruits
 j - a meat ration


   Skills:
 - Level 1.5 Dodging
 - Level 3.1 Stealth
 + Level 2.2 Spellcasting
 * Level 4.6 Conjurations
 * Level 5.4 Fire Magic


You had one spell level left.
You knew the following spells:

 Your Spells              Type           Power        Failure   Level  Hunger
a - Flame Tongue          Conj/Fire      ###..        2%          1    #......
b - Conjure Flame         Conj/Fire      ###.....     10%         3    ###....
c - Sticky Flame          Conj/Fire      ###.....     24%         4    #####..


Dungeon Overview and Level Annotations

Branches:
Dungeon (5/15)
 Temple: D:4-7

Altars:
Fedhas
Gozag
Kikubaaqudgha
Sif Muna
The Shining One


Innate Abilities, Weirdness & Mutations

You cannot wear boots.
You can spit poison.
Your serpentine skin is tough (AC +2).
You have supernaturally acute eyesight.
Armour fits poorly on your strangely shaped body.
Your system is resistant to poisons.
You cover ground very slowly.


Message History

* * * LOW HITPOINT WARNING * * *
Casting: Flame Tongue
Confirm with . or Enter, or press ? or * to list all spells.
Aiming: Conjure Flame
Press: ? - help, Dir - move target cursor, p - orc priest The fire roars!
The orc priest hits your orc with a dagger.
Casting: Conjure Flame
Confirm with . or Enter, or press ? or * to list all spells.
Aiming: Conjure Flame
Press: ? - help, Dir - move target cursor The fire roars!
You are feeling hungry.
The orc is no longer charmed.
There are monsters nearby!
The orc wizard gestures wildly while chanting.
The orc wizard blinks!
The orc priest mumbles some strange prayers to Beogh against you.
Something smites you!
You die...

#.#
#.....#
##.#
#.#####
#..#
#.#
#o##
#.# #.#
#.# #.#
#.#####
#§#
#.....#
#§#
#####.#
#@# #.#
##§#
#.#
#.o#
#.#
##.##
#.#
#.o#
#.#
#.##
#.# #.#
#.# #.#
#.# #.#
#.#


You could see an orc priest, an orc wizard and an orc.

Vanquished Creatures
  A phantom (D:2)
  An iguana (D:3)
  Natasha (thrice) (D:3)
  2 worker ants (D:4)
  Terence (D:3)
  Robin (D:3)
  4 adders
  3 worms
  An adder skeleton (D:4)
  5 orcs
  2 giant cockroaches
  23 goblins
  11 hobgoblins
  9 jackals
  2 quokkas (D:2)
  10 bats
  2 giant geckos (D:3)
  A giant gecko skeleton (D:4)
  7 giant newts
  10 kobolds
  11 rats
110 creatures vanquished.

Vanquished Creatures (collateral kills)
  An orc (D:4)
  2 goblins (D:3)
3 creatures vanquished.

Vanquished Creatures (others)
  A goblin (D:3)
1 creature vanquished.

Grand Total: 114 creatures vanquished

Notes
Turn   | Place    | Note
--------------------------------------------------------------
     0 | D:1      | hexophile, the Naga Fire Elementalist, began the quest for the Orb.
     0 | D:1      | Reached XP level 1. HP: 15/15 MP: 3/3
   249 | D:1      | Reached XP level 2. HP: 19/22 MP: 2/4
   754 | D:1      | HP: 1/22 [kobold/dagger (3)]
  1404 | D:2      | Reached XP level 3. HP: 28/28 MP: 3/6
  1409 | D:2      | Learned a level 3 spell: Conjure Flame
  1616 | D:2      | Found a deep blue altar of Sif Muna.
  1617 | D:2      | Found an opulent altar of Gozag.
  1622 | D:2      | Found an ancient bone altar of Kikubaaqudgha.
  1624 | D:2      | Found a blossoming altar of Fedhas.
  1636 | D:2      | Found a glowing golden altar of the Shining One.
  1794 | D:2      | Reached skill level 4 in Fire Magic
  1924 | D:2      | Reached XP level 4. HP: 33/36 MP: 5/7
  2897 | D:3      | Noticed a phantom
  2928 | D:2      | Killed a phantom
  2928 | D:2      | Reached XP level 5. HP: 33/42 MP: 1/9
  3169 | D:3      | Noticed Terence
  3179 | D:3      | Killed Terence
  3179 | D:3      | Reached skill level 5 in Fire Magic
  3320 | D:3      | Reached XP level 6. HP: 49/49 MP: 10/10
  3332 | D:3      | Noticed Natasha
  3339 | D:3      | Killed Natasha
  3456 | D:3      | Noticed Natasha
  3542 | D:3      | Killed Natasha
  3837 | D:3      | Noticed Natasha
  3849 | D:3      | Killed Natasha
  3947 | D:3      | Learned a level 4 spell: Sticky Flame
  3983 | D:3      | Noticed Robin
  4002 | D:3      | Killed Robin
  4489 | D:5      | Entered Level 5 of the Dungeon
  4908 | D:4      | HP: 1/49 [orc priest/divine providence (9)]
  4912 | D:4      | Killed from afar by an orc priest

Action                   |  1- 3 |  4- 6 || total
-------------------------+-------+-------++-------
Melee: Unarmed           |     1 |       ||     1
       Dagger            |    14 |       ||    14
       Spear             |    32 |    21 ||    53
       Trident           |       |    12 ||    12
 Fire: Blowgun           |       |    28 ||    28
 Cast: Flame Tongue      |    47 |   107 ||   154
       Conjure Flame     |     1 |     4 ||     5
 Abil: Spit Poison       |     4 |    17 ||    21
Evoke: Wand              |       |     4 ||     4
  Use: Scroll            |     2 |     5 ||     7
       Potion            |       |     8 ||     8
  Eat: Bread ration      |     1 |       ||     1
       Chunk             |       |    12 ||    12
